 Dungeon Crawl Stone Soup version 0.28.0-1-gb440e238dd (webtiles) character file.

Game seed: 2107263324167849566

199 issech the Cudgeller (level 5, -1/53 HPs)
             Began as a Troll Monk on Feb 24, 2022.
             Slain by an orc (2 damage)
             ... on level 4 of the Dungeon.
             The game lasted 00:08:08 (2591 turns).

issech the Cudgeller (Troll Monk)                   Turns: 2591, Time: 00:08:08

Health: -1/53      AC:  4    Str: 19    XL:     5   Next: 48%
Magic:  4/4        EV: 11    Int:  6    God:
Gold:   97         SH:  0    Dex: 14    Spells: 4/4 levels left

rFire   . . .      SeeInvis .   i - +0 morningstar
rCold   . . .      Faith    .   (no shield)
rNeg    . . .      Spirit   .   b - +0 robe
rPois   .          Reflect  .   (helmet restricted)
rElec   .          Harm     .   (no cloak)
rCorr   .          Rampage  .   (gloves unavailable)
Will    .....                   (boots unavailable)
Stlth   ++........              (no amulet)
HPRegen 0.97/turn               (no ring)
MPRegen 0.09/turn               (no ring)

@: no status effects
A: large, unfitting armour, claws 3, regeneration 1, shaggy fur 1, tough skin 1
a: no special abilities


You were on level 4 of the Dungeon.
You visited 1 branch of the dungeon, and saw 4 of its levels.

You collected 97 gold pieces.

Inventory:

Hand Weapons
 a - a +0 mace
 i - a +0 morningstar (weapon)
 p - a +1 dagger of venom
 q - a +1 short sword of holy wrath
 s - a +1 dagger of venom
Missiles
 c - 4 boomerangs (quivered)
 e - 43 arrows
 f - 37 sling bullets
 r - 31 stones
Armour
 b - a +0 robe (worn)
Magical Staves
 k - a staff of death
Scrolls
 d - a scroll of fog {unknown}
 h - a scroll of identify {unknown}
 j - a scroll of blinking {unknown}
 n - a scroll of vulnerability {unknown}
 o - a scroll of summoning {unknown}
Potions
 g - a potion of curing {unknown}
 l - 2 potions of invisibility {unknown}
 m - a potion of ambrosia {unknown}
 t - 2 potions of attraction {unknown}


   Skills:
 + Level 3.2 Fighting
 + Level 4.2 Maces & Flails
 + Level 3.4 Dodging
 + Level 1.2 Stealth


You had 4 spell levels left.
You didn't know any spells.
Your spell library contained the following spells:

 Spells                   Type           Power      Damage    Failure   Level
 Corpse Rot               Necr/Air       0%         N/A       58%         2
 Poisonous Vapours        Pois/Air       0%         N/A       58%         2


Dungeon Overview and Level Annotations

Branches:
Dungeon (3/15)

Altars:
Vehumet


Innate Abilities, Weirdness & Mutations

You are too large for most types of armour.
You have claws for hands.
Your natural rate of healing is unusually fast.
You are covered in fur. (AC +1)
You have tough skin. (AC +1)


Message History

You thump the hobgoblin!
You kill the hobgoblin!
The ball python bites you but does no damage.
The orc hits you with a +0 short sword. The orc hits you but does no damage.
The ball python bites you.
You hit the orc priest but do no damage.
The ball python bites you but does no damage.
The orc barely misses you. The orc hits you but does no damage.
The orc priest barely misses you. The orc hits you with a +0 short sword.
The ball python bites you but does no damage.
The orc hits you with a +0 hand axe. The orc closely misses you.
You barely miss the orc priest.
The orc priest hits you but does no damage.
The orc closely misses you. The ball python closely misses you.
The orc hits you with a +0 club. The orc barely misses you.
The orc priest misses you.
You closely miss the orc priest. The ball python closely misses you.
The orc hits you with a +0 short sword.
* * * LOW HITPOINT WARNING * * *
The orc closely misses you. The orc barely misses you.
The orc priest barely misses you. The ball python barely misses you.
The orc closely misses you.
You puncture the orc priest!
The orc priest is almost dead.
The orc closely misses you. x2; The ball python barely misses you.
The orc priest hits you with a +0 club.
* * * LOW HITPOINT WARNING * * *
The orc hits you with a +0 short sword.
* * * LOW HITPOINT WARNING * * *
The orc hits you but does no damage. The orc hits you with a +0 hand axe.
* * * LOW HITPOINT WARNING * * *
You puncture the orc priest!
You kill the orc priest!
The ball python bites you.
* * * LOW HITPOINT WARNING * * *
The orc hits you with a +0 short sword.
* * * LOW HITPOINT WARNING * * *
The ball python misses you. The orc completely misses you.
The orc hits you with a +0 club.
You die...

###...............
#................#
#.......o.####....
#...#####.........
#...# #.........
#...# #.........
#...# #.........
#oo.# #.........
#@S.# #.........
#oo.# #.........
#...# #.........
#...# #.........
#...# #.........
##### #.........
#.........
#.........
##########


You could see 4 orcs and a ball python.

Vanquished Creatures
  2 orc priests
  A hound (D:2)
  An orc wizard (D:2)
  2 adders
  3 dart slugs
  6 orcs
  5 ball pythons
  5 bats
  6 endoplasms
  4 giant cockroaches
  8 goblins
  4 hobgoblins
  8 jackals
  5 quokkas
  6 frilled lizards
  6 kobolds
  11 rats
83 creatures vanquished.

Notes
Turn   | Place    | Note
-------+----------+-------------------------------------------
     0 | D:1      | issech the Troll Monk began the quest for the Orb.
     0 | D:1      | Reached XP level 1. HP: 22/22 MP: 0/0
   135 | D:1      | Reached XP level 2. HP: 29/29 MP: 1/1
   324 | D:1      | Reached skill level 3 in Maces & Flails
   624 | D:1      | Reached XP level 3. HP: 31/36 MP: 2/2
  1262 | D:2      | Reached XP level 4. HP: 45/45 MP: 3/3
  1517 | D:2      | Found a faded altar of an unknown god.
  1616 | D:2      | Reached XP level 5. HP: 32/53 MP: 4/4
  1630 | D:2      | Found a radiant altar of Vehumet.
  2240 | D:3      | Reached skill level 4 in Maces & Flails
  2558 | D:3      | You fall into a shaft and drop 1 floor!
  2591 | D:4      | HP: 1/53 [orc (6)]
  2591 | D:4      | Slain by an orc

Illustrated notes

Levels and vault maps discovered:
D:1:      dpeg_arrival_ratfight, layout_basic, serial_glass, glass_columns_a,
          glass_columns_b, item_on_display_a, feat_on_display,
          due_unseen_surprise, item_on_display_a, serial_bayou_ford_a
D:2:      minmay_general_purpose_star, layout_basic, basic_altar,
          shapermc_ecumenical_altar_mp_highgroup
D:3:      layout_loops_corners, nrook_uturn
D:4:      nicolae_cairo_tiling_large, layout_basic, uniq_sigmund

Skill      XL: |  1  2  3  4  5 |
---------------+----------------+-----
Maces & Flails | 3 4 |  4.2
Dodging        | 3 |  3.4
Fighting       | 3 |  3.2
Stealth        | |  1.2

Action                   |  1- 3 |  4- 6 || total
-------------------------+-------+-------++-------
Melee: Mace              |   159 |     6 ||   165
       Punch             |     2 |     1 ||     3
       Morningstar       |       |   102 ||   102
 Stab: Sleeping          |     2 |       ||     2
Armor: Robe              |    85 |    50 ||   135
Dodge: Dodged            |   145 |    88 ||   233
